 Dungeon Crawl Stone Soup version 0.32-a0-17-gb74e046682 (webtiles) character file.

Game seed: 13840645842008828842

42 mopl the Caller (level 3, 0/19 HPs)
             Began as a Tengu Summoner on Jan 15, 2024.
             Slain by Jessica
             ... wielding a +0 dagger
              (1 damage)
             ... on level 2 of the Dungeon.
             The game lasted 00:01:17 (1081 turns).

mopl the Caller (Tengu Summoner)                    Turns: 1081, Time: 00:01:18

Health: 0/19       AC:  2    Str:  8    XL:     3   Next: 54%
Magic:  6/8        EV: 12    Int: 17    God:
Gold:   78         SH:  0    Dex: 14    Spells: 1/7 levels left

rFire   . . .        c - +0 dagger
rCold   . . .        (no shield)
rNeg    . . .        a - +0 robe
rPois   .            (helmet restricted)
rElec   .            (no cloak)
rCorr   .            (no gloves)
SInv    .            (boots unavailable)
Will    .....        (no amulet)
Stlth   ++           (no ring)
HPRegen 0.23/turn    (no ring)
MPRegen 0.11/turn

%: acrobat
@: unable to call your familiar
A: beak, talons 3, acrobatic
a: no special abilities


You were on level 2 of the Dungeon.
You visited 1 branch of the dungeon, and saw 2 of its levels.

You collected 78 gold pieces.

Inventory:

Hand Weapons
 c - a +0 dagger (weapon)
Missiles
 d - 4 boomerangs
Armour
 a - a +0 robe (worn)
Scrolls
 e - a scroll of identify {unknown}
 f - a scroll of fog {unknown}
Potions
 b - a potion of magic


   Skills:
 - Level 2.1 Dodging
 - Level 2.0 Stealth
 + Level 2.9 Spellcasting
 + Level 5.5 Summonings


You had one spell level left.
You knew the following spells:

 Your Spells              Type           Power      Damage    Failure   Level
a - Summon Small Mammal   Summ           84%        N/A       1%          1
b - Call Imp              Summ           42%        N/A       2%          2
c - Call Canine Familiar  Summ           21%        N/A       5%          3

Your spell library contained the following spells:

 Spells                   Type           Power      Damage    Failure   Level
 Foxfire                  Conj/Fire      8%         2x1d4     19%         1
 Summon Blazeheart Golem  Fire/Summ      11%        N/A       50%         4
 Summon Lightning Spire   Summ/Air       11%        N/A       50%         4
 Plasma Beam              Fire/Air       1%         2x1d11    100%        6
 Starburst                Conj/Fire      1%         6d3       100%        6


Dungeon Overview and Level Annotations

Branches:
Dungeon (2/15)

Altars:

Annotations:
D:2 Jessica


Innate Abilities, Weirdness & Mutations

You have a beak for a mouth.
You have claws for feet.
You can magically evade attacks while moving or waiting.


Message History

The adder closely misses your inugami.
Your inugami hits the adder. The adder bites your inugami.
Your inugami barely misses the adder.
The adder bites your inugami but does no damage.
The adder barely misses your inugami.
Your inugami closely misses the adder.
The adder closely misses your inugami.
Your inugami hits the adder. The adder bites your inugami.
Your inugami looks even sicker.
The adder poisons your inugami!
Your inugami misses the adder.
The adder completely misses your inugami.
Your inugami hits the adder.
The adder dies!
Jessica the Apprentice Sorceress comes into view.
She is wielding a +0 dagger.
Jessica shouts!
Jessica is nearby!
Your inugami dies!
Your inugami disappears in a puff of smoke!
Jessica points at you and mumbles some strange words.
You resist with some effort. Jessica completely misses you.
You barely miss Jessica. You claw Jessica, but do no damage.
Jessica shouts, "I don't like beings like you!"
Jessica points at you and mumbles some strange words.
Pain shoots through your body!
You hit Jessica but do no damage. You claw Jessica, but do no damage.
Jessica hits you with a +0 dagger.
Casting: Call Canine Familiar (quite dangerous; 5% risk of failure)
Confirm with . or Enter, or press ? or * to list all spells.
A tiny devil pulls itself out of the air.
Jessica hits you with a +0 dagger.
You hit Jessica.
Jessica is lightly wounded.
Jessica gestures at you while chanting. Pain shoots through your body!
Ouch! That really hurt!
* * * LOW HITPOINT WARNING * * *
You hit Jessica. You claw Jessica, but do no damage.
Jessica is moderately wounded.
Your cerulean imp hits Jessica but does no damage.
Jessica hits you with a +0 dagger.
You die...

# #...#######
#.....@@5.# #...#####.#
##.# #§# #.# #.# #.#
#.# #.# ###.#######
####.####..........
#.......#.#†.......
#####.##...............


You could see Jessica (ally target) and a friendly cerulean imp (summoned).

Vanquished Creatures
  3 dart slugs (D:1)
  3 bats (D:1)
  2 giant cockroaches (D:1)
  4 goblins (D:1)
  2 hobgoblins (D:1)
  3 ball pythons (D:1)
  2 frilled lizards (D:1)
  A kobold (D:1)
  8 rats (D:1)
28 creatures vanquished.

Vanquished Creatures (collateral kills)
  An adder (D:2)
1 creature vanquished.

Grand Total: 29 creatures vanquished

Notes
Turn   | Place    | Note
-------+----------+-------------------------------------------
     0 | D:1      | mopl the Tengu Summoner began the quest for the Orb.
     0 | D:1      | Reached XP level 1. HP: 10/10 MP: 4/4
    61 | D:1      | Reached skill level 5 in Summonings
   112 | D:1      | Reached XP level 2. HP: 15/15 MP: 6/6
   140 | D:1      | Learned a level 2 spell: Call Imp
   429 | D:1      | Reached XP level 3. HP: 19/19 MP: 8/8
   530 | D:1      | Learned a level 3 spell: Call Canine Familiar
  1074 | D:2      | Noticed Jessica
  1081 | D:2      | Slain by Jessica

Illustrated notes

Levels and vault maps discovered:
D:1:      heliophobic_arrival_dark_side_of_the_moon, layout_basic,
          chequers_garden, minmay_rat_gold_closets
D:2:      layout_loops_ring, basic_altar,
          nicolae_concentric_dashed_squares_wild, uniq_jessica

Skill      XL: |  1 |
---------------+----+-----
Summonings     | 5 |  5.5
Dodging        | |  2.1
Stealth        | |  2.0
Spellcasting   | |  2.9

Action                     || total
---------------------------++-------
  Melee: Dagger            ||    77
         Unarmed           ||    10
         Peck              ||    17
         Kick              ||    19
         Punch             ||     3
   Cast: Call Imp          ||     1
         Call Canine Famil ||     1
   Stab: Sleeping          ||     8
 Armour: Robe              ||    38
  Dodge: Dodged            ||    54

Table legend: (Time is in decaauts)
 A = Elapsed time spent in this place.
 B = Non-inter-level travel time spent in this place.
 C = Inter-level travel time spent in this place.
 D = Time resting spent in this place.
 E = Time spent auto-exploring this place.
 F = Levels seen in this place.
 G = Mean time per level.
                   A        B        C        D        E       F      G
               +--------+--------+--------+--------+--------+-----+--------+
         Total |   1080 |   1058 |     22 |      0 |    790 |   2 |  540.0 |
       Dungeon |   1080 |   1058 |     22 |      0 |    790 |   2 |  540.0 |
               +--------+--------+--------+--------+--------+-----+--------+

Top non-repeatable levels by time:
     D:1: 1039 daAuts
     D:2: 40 daAuts
